 Dungeon Crawl Stone Soup version 0.28-a0-8-g6e044cfa68 (webtiles) character file.

Game seed: 1969518113067859869

100 gimp the Cudgeller (level 5, -26/61 HPs)
             Began as a Formicid Wanderer on July 24, 2021.
             Killed by an exploding orc wizard (44 damage)
             ... ignited by their inner flame
             ... on level 5 of the Dungeon.
             The game lasted 00:05:43 (2313 turns).

gimp the Cudgeller (Formicid Wanderer)              Turns: 2313, Time: 00:05:44

Health: -26/61     AC: 22    Str: 15    XL:     5   Next: 3%
Magic:  5/5        EV:  2    Int: 11    God:
Gold:   123        SH:  0    Dex: 13    Spells: 4/4 levels left

rFire   . . .      SeeInvis .   a - +3 hand axe
rCold   . . .      Faith    .   (no shield)
rNeg    + + +      Spirit   .   (armour currently unavailable)
rPois   +          Reflect  .   (helmet unavailable)
rElec   .          Harm     .   (cloak currently unavailable)
rCorr   .          Rampage  .   (gloves currently unavailable)
Will    .....                   (boots currently unavailable)
Stlth   +.........              (no amulet)
HPRegen 0.20/turn               (no ring)
MPRegen 0.09/turn               (no ring)

@: tree-form
A: stationary, stasis, torment immunity, boosted hp, permanent stasis, dig
shafts and tunnels, (antennae 3), four strong arms
a: no special abilities


You were on level 5 of the Dungeon.
You were a tree.
You visited 1 branch of the dungeon, and saw 4 of its levels.

You collected 123 gold pieces.

Inventory:

Hand Weapons
 a - a +3 hand axe (weapon)
 b - a +0 mace
 k - a +0 broad axe
Armour
 d - a +0 robe
 e - a +0 chain mail (melded)
 f - a +0 ring mail
Scrolls
 h - a scroll of fog
 j - 2 scrolls of enchant weapon
Potions
 g - a potion of might


   Skills:
 + Level 3.2 Fighting
 * Level 3.1(4.5) Axes
 - Level 5.0(5.4) Maces & Flails
 - Level 1.0 Throwing
 + Level 2.0 Armour
 - Level 1.2 Shields


You had 4 spell levels left.
You didn't know any spells.
Your spell library was empty.

Dungeon Overview and Level Annotations

Branches:
Dungeon (3/15)

Altars:

Shops:
D:2 [


Innate Abilities, Weirdness & Mutations

You are a tree.
Your roots penetrate the ground, keeping you stationary.
You cannot be teleported.
You are immune to unholy pain and torment.
Your maximum health is greatly increased.
Your equipment is partially melded.
You cannot be hasted, slowed, berserked, paralysed or teleported.
You can dig through walls and to a lower floor.
((You have a pair of large antennae on your head. (SInv)))
Your four strong arms can wield two-handed weapons with a shield.


Message History

You dig through the rock wall.
You dig through the rock wall.
Okay, then.
You start resting.
You sense a monster nearby.
Really quaff the potion of lignification?
You turn into a tree.
Your +0 chain mail melds into your body.
Your mandibles meld away.
Your roots penetrate the ground.
You now have 29/61 hp.
You are too injured to fight recklessly!
You are too injured to fight recklessly!
You are too injured to fight recklessly!
You barely miss the orc. The orc hits you but does no damage.
You hit the orc.
The orc is almost dead.
The orc barely misses you.
The orc priest mumbles some strange prayers to Beogh against you.
Beogh smites you!
* * * LOW HITPOINT WARNING * * *
You take 11 damage, and have 18/61 hp.
You slash the orc!
You kill the orc!
The orc priest looks satisfied for a moment.
As you read the scroll labelled LUWKIOMASI, it crumbles to dust.
The creatures around you are filled with an inner flame!
It was a scroll of immolation.
Something hits you.
* * * LOW HITPOINT WARNING * * *
Deactivating autopickup; reactivate with Ctrl-A.
You take 1 damage, and have 18/61 hp.
You hit the orc priest.
Flame seeps out of the orc priest.
The orc priest is lightly wounded.
You hit something.
Flame seeps out of something.
A centaur skeleton comes into view.
Reactivating autopickup.
You feel a bit more experienced.
The orc wizard explodes!
You feel a bit more experienced. The fiery explosion engulfs you!!!
Ouch! That really hurt!
You die...

{ .#!
#########....!
#.....{.{{..o.
#..###.###>....
#○## { ... ##♣#
# #...#oZ.#
###. .### .. ..
#.# ### #. ..
.#


You could see an orc priest (inner flame) and a centaur skeleton (wandering).

Vanquished Creatures
  A bullfrog skeleton (D:3)
  2 orc wizards (D:5)
  An adder (D:2)
  A worm (D:2)
  2 orcs
  2 ball pythons (D:2)
  8 endoplasms
  4 giant cockroaches
  3 hobgoblins
  9 jackals (D:1)
  A quokka (D:1)
  8 bats
  5 frilled lizards
  3 goblins
  5 rats
55 creatures vanquished.

Notes
Turn   | Place    | Note
-------+----------+-------------------------------------------
     0 | D:1      | gimp the Formicid Wanderer began the quest for the Orb.
     0 | D:1      | gimp set off with the following items: a +2 hand axe, a +0
                  | mace, a potion of lignification, a +0 robe
     0 | D:1      | Reached XP level 1. HP: 16/16 MP: 1/1
   344 | D:1      | Reached XP level 2. HP: 17/23 MP: 2/2
   740 | D:1      | Reached skill level 1 in Armour
   838 | D:1      | Reached XP level 3. HP: 27/28 MP: 3/3
  1512 | D:2      | Reached XP level 4. HP: 33/34 MP: 4/4
  1699 | D:2      | Found Epesumnon's Antique Armour Emporium.
  2276 | D:3      | Reached XP level 5. HP: 32/41 MP: 5/5
  2296 | D:3      | Noticed a bullfrog
  2303 | D:3      | You fall into a shaft and drop 2 floors!
  2303 | D:5      | Entered Level 5 of the Dungeon
  2313 | D:5      | Killed by an exploding orc wizard... ignited by their inner
                  | flame

Illustrated notes

Levels and vault maps discovered:
D:1:      dpeg_arrival_round_a, layout_loops_corners
D:2:      layout_rooms, serial_shops, nicolae_shop_overgrown_old_shop
D:3:      wad_lake_hut, layout_basic, lemuel_round_altar, lemuel_round_altar,
          nicolae_gozag_zags_fifth_avenue, columned_hall_lemuel
D:5:      layout_rooms, amcnicky_altar_gilded, mainiacjoe_overflow_brackets,
          serial_shops, nicolae_shop_statue_plus, uniq_sigmund

Skill      XL: |  1  2  3  4 |
---------------+-------------+-----
Armour         | 1 2 |  2.0
Axes           | 2 3 |  3.1
Fighting       | 3 |  3.2
Maces & Flails | |  5.0
Throwing       | |  1.0
Shields        | |  1.2

Action                   |  1- 3 |  4- 6 || total
-------------------------+-------+-------++-------
Melee: Hand axe          |   103 |    63 ||   166
 Abil: Dig               |     1 |     1 ||     2
       Shaft Self        |       |     1 ||     1
  Use: Scroll            |       |     5 ||     5
       Potion            |       |     1 ||     1
 Stab: Sleeping          |     1 |       ||     1
Armor: Robe              |     6 |       ||     6
       Ring mail         |    33 |    16 ||    49
       Chain mail        |       |    22 ||    22
       Skin              |       |     1 ||     1
Dodge: Dodged            |    56 |    30 ||    86

Table legend: (Time is in decaauts)
 A = Elapsed time spent in this place.
 B = Non-inter-level travel time spent in this place.
 C = Inter-level travel time spent in this place.
 D = Time resting spent in this place.
 E = Time spent auto-exploring this place.
 F = Levels seen in this place.
 G = Mean time per level.
                   A        B        C        D        E       F      G
               +--------+--------+--------+--------+--------+-----+--------+
         Total |   2330 |   2259 |     71 |      0 |   1859 |   4 |  582.5 |
       Dungeon |   2330 |   2259 |     71 |      0 |   1859 |   4 |  582.5 |
               +--------+--------+--------+--------+--------+-----+--------+

Top non-repeatable levels by time:
     D:1: 1377 daAuts
     D:2: 689 daAuts
     D:3: 252 daAuts
     D:5: 10 daAuts
